 Dungeon Crawl Stone Soup version 0.18.1-1-g2f07953 (webtiles) character file.

29580 FarmerKarma the Martial Artist (level 13, -2/106 HPs)
             Began as a Mummy Monk on June 6, 2016.
             Slain by a killer bee (7 damage)
             ... on level 8 of the Dungeon on June 8, 2016.
             The game lasted 04:01:44 (53572 turns).

FarmerKarma the Martial Artist (Mummy Monk)        Turns: 53572, Time: 04:01:45

Health: -2/106     AC:  9    Str: 14    XL:     13   Next: 15%
Magic:  13/13      EV: 18    Int: 11    God:
Gold:   804        SH:  0    Dex: 18    Spells: 0 memorised, 12 levels left

rFire  . . .     SeeInvis .       - Unarmed
rCold  + . .     Gourm    .     (no armour)
rNeg   + + +     Faith    .     (no shield)
rPois  ∞         Spirit   .     f - +0 helmet
rElec  .         Dismiss  .     g - +0 cloak
rCorr  .         Reflect  .     d - +2 pair of gloves
SustAt .         Harm     .     (no boots)
MR     +....                    (no amulet)
Stlth  ++++......               j - ring of protection from fire
                                k - +4 ring of protection

@: somewhat resistant to hostile enchantments, stealthy
A: no food or potions, fire vulnerability, cold resistance 1, negative energy
resistance 3, torment resistance, unbreathing, in touch with death 1, restore
body
a: Self-Restoration


You were on level 8 of the Dungeon.
You were not hungry.

You visited 4 branches of the dungeon, and saw 20 of its levels.

You collected 1070 gold pieces.
You spent 266 gold pieces at shops.

Inventory:

Armour
 d - a +2 pair of gloves (worn)
 f - a +0 helmet (worn)
 g - a +0 cloak (worn)
Jewellery
 c - an uncursed ring of resist corrosion
 e - an uncursed ring of see invisible
 j - a ring of protection from fire (right hand)
 k - a +4 ring of protection (left hand)
 l - an uncursed ring of sustain attributes
Scrolls
 a - 9 scrolls of remove curse
 h - a scroll of identify
 m - a scroll of fog
 n - a scroll of silence
Comestibles
 b - 19 fruits (quivered)


   Skills:
 + Level 11.0 Fighting
 + Level 7.4 Dodging
 - Level 7.6 Stealth
 * Level 13.7 Unarmed Combat


You had 12 spell levels left.
You didn't know any spells.

Dungeon Overview and Level Annotations

Branches:
Dungeon (12/15)            Temple (1/1) D:7            Lair (5/8) D:9
    Orc (2/2) D:11
  Swamp: Lair:3-6    Shoals: Lair:3-6     Snake: Lair:3-6    Spider: Lair:3-6
    Elf: Orc:2

Altars:
Ashenzari
Cheibriados
Dithmenos
Elyvilon
Fedhas
Gozag
Kikubaaqudgha
Makhleb
Nemelex Xobeh
Okawaru
Pakellas
Qazlal
Ru
Sif Muna
Trog
Vehumet
Xom
Yredelemnul
Zin
The Shining One

Shops:
D:6 [:*!?   D:8 !

Annotations:
D:3 exclusion: Sigmund, Sigmund
D:6 exclusion: door
D:10 exclusion: cyclops, Nergalle
D:11 exclusion: manticore
Lair:1 exclusion: wolf, Fannar
Lair:2 Grum
Lair:4 exclusion: catoblepas
Orc:2 exclusion: orc sorcerer


Innate Abilities, Weirdness & Mutations

You do not eat or drink.
Your flesh is vulnerable to fire.
You are immune to poison.
Your flesh is cold resistant.
You are immune to negative energy.
You are immune to unholy pain and torment.
You can survive without breathing.
You are in touch with the powers of death.
You can restore your body by infusing magical energy.


Message History

You climb upwards.
Level annotation: exclusion: cyclops, Nergalle
There is a stone staircase leading down, spattered with blood here.
Unknown command.
A killer bee comes into view. 2 killer bees come into view.
A killer bee comes into view.
The orc warrior closely misses you.
Unknown command.
A killer bee comes into view.
The killer bee barely misses you. The killer bee stings you.
* * * LOW HITPOINT WARNING * * *
The killer bee misses you.
There is an open door here.
The killer bee buzzes angrily.
The killer bee stings you but does no damage.
The killer bee stings you.
* * * LOW HITPOINT WARNING * * *
The killer bee buzzes angrily. x2
The killer bee stings you.
* * * LOW HITPOINT WARNING * * *
The killer bee barely misses you. The killer bee stings you.
* * * LOW HITPOINT WARNING * * *
The killer bee barely misses you. The killer bee closely misses you.
Unknown command.
The killer bee misses you. x2; The killer bee closely misses you. x2
The killer bee barely misses you.
The killer bee stings you but does no damage.
The killer bee barely misses you. The killer bee closely misses you. x2
The killer bee closely misses you.
The killer bee stings you but does no damage.
The killer bee stings you!
* * * LOW HITPOINT WARNING * * *
The killer bee barely misses you. x2
There is a stone staircase leading up here.
Unknown command.
The killer bee stings you but does no damage.
The killer bee stings you.
* * * LOW HITPOINT WARNING * * *
The killer bee stings you but does no damage.
The killer bee closely misses you. The killer bee stings you.
* * * LOW HITPOINT WARNING * * *
The killer bee completely misses you. The killer bee barely misses you. x2
The killer bee closely misses you. x2
You climb upwards.
There is a stone staircase leading down here.
You see here an arrow.
The killer bee stings you but does no damage.
The killer bee barely misses you. The killer bee stings you.
* * * LOW HITPOINT WARNING * * *
The killer bee stings you but does no damage.
The killer bee barely misses you. The killer bee stings you.
* * * LOW HITPOINT WARNING * * *
The killer bee closely misses you.
The killer bee stings you but does no damage. x2
The killer bee completely misses you. x2; The killer bee misses you.
The killer bee stings you.
* * * LOW HITPOINT WARNING * * *
The killer bee stings you but does no damage.
The killer bee misses you.
There is a stone staircase leading up here.
Unknown command.
The killer bee barely misses you. x3; The killer bee closely misses you.
The killer bee stings you.
* * * LOW HITPOINT WARNING * * *
The killer bee barely misses you.
The killer bee stings you but does no damage.
The killer bee closely misses you.
You climb upwards.
There is a stone staircase leading down here.
The killer bee closely misses you.
The killer bee misses you. x2; The killer bee barely misses you.
The killer bee misses you. The killer bee closely misses you.
The killer bee stings you.
* * * LOW HITPOINT WARNING * * *
Unknown command.
Unknown command.
Unknown command.
You hit the killer bee.
The killer bee is lightly wounded.
The killer bee barely misses you.
Unknown command.
You barely miss the killer bee.
The killer bee is lightly wounded.
The killer bee misses you. The killer bee stings you.
* * * LOW HITPOINT WARNING * * *
Unknown command.
Unknown command.
Unknown command.
You miss the killer bee. Your punch misses the killer bee.
The killer bee is lightly wounded.
The killer bee misses you.
Unknown command.
You hit the killer bee but do no damage.
Your punch misses the killer bee.
The killer bee is lightly wounded.
The killer bee stings you!
You die...

##..# ##..##...## ####...#
##.## ####...##..## #......#
#..###..........### ##......
##........##>.....###.....##
#...######..###.........##
##.### #y.# ###........## #
#..# #yy# #...##....) ##
##..# #y## #..###..... .##
#..## #@## #..# #..###
..###..# ###..### #.## ##.#
.......#######......###.#
#.#
..####........#..###....#
#.# .## ##.###..###.#
####.## #.# ## #.##..## ###
##.## #.# # ####.## ##.# ###
### ###


You could see 4 killer bees.

Vanquished Creatures
  An unseen horror (D:10)
  2 hill giants (D:11)
  2 griffons
  2 cyclopes (D:11)
  A black mamba (Lair:3)
  9 spiny frogs
  A rime drake (Lair:2)
  7 komodo dragons
  3 trolls
  2 two-headed ogres
  9 blink frogs
  Prince Ribbit (D:6)
  A shadow (D:12)
  A wyvern (D:9)
  A wraith (D:11)
  A vampire (D:11)
  14 yaks
  A human (D:7)
  3 basilisks
  2 hippogriffs
  A steam dragon (D:11)
  2 hogs (D:7)
  2 wargs
  A hungry ghost (D:10)
  Menkaure (D:5)
  A mottled dragon (D:12)
  11 water moccasins
  13 porcupines
  5 sky beasts
  10 orc warriors
  3 ice beasts
  3 black bears
  3 phantoms
  A wasp (D:7)
  8 ogres
  14 wolves
  6 centaurs
  10 crocodiles
  7 big kobolds
  16 giant frogs
  7 scorpions
  A water moccasin skeleton (D:5)
  10 killer bees
  3 wights (D:9)
  3 howler monkeys
  An electric eel (D:6)
  3 crimson imps
  2 quasits
  7 jellies
  A giant frog zombie (D:12)
  2 centaur zombies
  6 centaur skeletons
  A gnoll shaman (D:9)
  7 hounds
  5 orc priests
  9 orc wizards
  Crazy Yiuf (D:5)
  2 giant frog skeletons
  13 iguanas
  19 worker ants
  18 sheep
  2 killer bee zombies
  A hound zombie (D:11)
  A hound skeleton (D:11)
  4 worker ant zombies
  Robin (D:4)
  10 gnolls
  A howler monkey skeleton (D:11)
  9 adders
  65 river rats
  3 shadow imps
  2 oozes
  An adder zombie (D:10)
  4 worms (D:2)
  2 dart slugs
  4 giant geckos
  56 orcs
  2 ball pythons
  12 giant cockroaches
  17 goblins
  8 hobgoblins
  8 jackals (D:2)
  79 kobolds
  11 quokkas
  24 bats
  A giant gecko skeleton (D:4)
  5 giant newts
  A jackal zombie (D:5)
  9 rats
  A fungus (Lair:2)
647 creatures vanquished.

Vanquished Creatures (others)
  A bush (Lair:4)
  31 fungi
  22 plants
54 creatures vanquished.

Grand Total: 701 creatures vanquished

Notes
Turn   | Place    | Note
--------------------------------------------------------------
     0 | D:1      | FarmerKarma the Mummy Monk began the quest for the Orb.
     0 | D:1      | Reached XP level 1. HP: 18/18 MP: 1/1
   290 | D:1      | Found a glowing golden altar of the Shining One.
   715 | D:1      | Reached XP level 2. HP: 22/24 MP: 2/2
  1282 | D:2      | Reached skill level 4 in Unarmed Combat
  1583 | D:2      | Reached XP level 3. HP: 18/29 MP: 3/3
  2762 | D:2      | HP: 7/29 [worm (11)]
  3301 | D:2      | Reached XP level 4. HP: 21/35 MP: 4/4
  3636 | D:3      | Reached skill level 5 in Unarmed Combat
  4403 | D:3      | Reached XP level 5. HP: 40/41 MP: 5/5
  4424 | D:3      | Found a shadowy altar of Dithmenos.
  4522 | D:3      | Noticed Sigmund
  5246 | D:4      | Noticed Robin
  5396 | D:4      | Killed Robin
  6110 | D:4      | HP: 9/41 [worker ant (8)]
  6425 | D:4      | Reached skill level 6 in Unarmed Combat
  6493 | D:4      | Reached XP level 6. HP: 28/47 MP: 6/6
  6955 | D:5      | Entered Level 5 of the Dungeon
  6999 | D:5      | HP: 10/47 [water moccasin skeleton (7)]
  7001 | D:5      | Reached skill level 2 in Stealth
  7254 | D:5      | Noticed a sky beast
  8213 | D:5      | Reached XP level 7. HP: 41/53 MP: 7/7
  8655 | D:5      | Noticed Menkaure
  8777 | D:5      | Killed Menkaure
  8777 | D:5      | Reached skill level 4 in Fighting
  8826 | D:5      | Reached skill level 3 in Stealth
  8920 | D:5      | Found a shattered altar of Ashenzari.
  8924 | D:5      | Saw a vision of the Shoals and the Snake Pit.
  8924 | D:5      | Noticed a black mamba
  8924 | D:5      | Noticed a black mamba
  8924 | D:5      | Noticed a merfolk
  8924 | D:5      | Noticed a merfolk
  8924 | D:5      | Noticed a merfolk
  8924 | D:5      | Noticed a merfolk
  8925 | D:5      | Noticed a naga sharpshooter
  9000 | D:5      | Reached skill level 7 in Unarmed Combat
  9144 | D:5      | Noticed Crazy Yiuf
  9691 | D:6      | Found Feewnuji's Magic Scroll Boutique.
  9694 | D:6      | Bought a scroll of identify for 28 gold pieces
  9694 | D:6      | Bought a scroll of identify for 28 gold pieces
  9694 | D:6      | Bought a scroll of blinking for 105 gold pieces
  9721 | D:6      | Noticed Prince Ribbit
  9768 | D:7      | HP: 7/55 [phantom (10)]
 10085 | D:7      | Reached XP level 8. HP: 21/61 MP: 8/8
 11316 | D:6      | Reached skill level 5 in Fighting
 11703 | D:6      | Reached skill level 4 in Stealth
 12486 | D:6      | Reached skill level 8 in Unarmed Combat
 14297 | D:6      | Bought a scroll of blinking for 105 gold pieces
 14320 | D:6      | Found Exkogami's General Store.
 14493 | D:6      | Found Juicw's Book Shoppe.
 14874 | D:7      | Reached XP level 9. HP: 25/69 MP: 9/9
 15552 | D:7      | Reached skill level 6 in Fighting
 15641 | D:7      | Found a staircase to the Ecumenical Temple.
 15840 | D:7      | Reached skill level 5 in Stealth
 16407 | D:7      | Reached skill level 9 in Unarmed Combat
 16682 | Temple   | Entered the Ecumenical Temple
 17286 | D:6      | Found Jibbodaw's Antique Armour Boutique.
 17509 | D:6      | Found Humoplor's Distillery.
 18085 | D:8      | Found a sacrificial altar of Ru.
 18630 | D:8      | Found Hulokiyl's Distillery.
 18968 | D:9      | Reached skill level 7 in Fighting
 18968 | D:9      | Reached skill level 6 in Stealth
 19150 | D:9      | HP: 17/72 [ice beast (7)]
 19923 | D:8      | Reached skill level 10 in Unarmed Combat
 19923 | D:8      | Reached XP level 10. HP: 73/79 MP: 10/10
 20380 | D:9      | Found a shimmering altar of Xom.
 22149 | D:10     | Entered Level 10 of the Dungeon
 22629 | D:10     | Noticed Nergalle
 22775 | D:10     | Noticed a cyclops
 23110 | D:9      | HP: 1/79 [komodo dragon (21)]
 23872 | D:9      | Found a staircase to the Lair.
 24236 | Lair:1   | Entered Level 1 of the Lair of Beasts
 24519 | Lair:1   | Noticed a seven-headed hydra
 24606 | Lair:1   | Noticed a spiny frog
 25294 | Lair:2   | Reached skill level 3 in Dodging
 26052 | Lair:1   | Noticed a spiny frog
 26294 | Lair:1   | Reached skill level 7 in Stealth
 26880 | D:9      | Reached skill level 8 in Fighting
 27213 | D:9      | Reached skill level 11 in Unarmed Combat
 27941 | D:9      | Reached XP level 11. HP: 74/86 MP: 11/11
 28320 | D:9      | Reached skill level 4 in Dodging
 32441 | Lair:2   | Noticed a four-headed hydra
 33734 | Lair:2   | Noticed a griffon
 33884 | Lair:1   | Noticed Fannar
 34797 | Lair:2   | Noticed Grum
 35020 | Lair:4   | Noticed a catoblepas
 35069 | Lair:4   | Reached skill level 9 in Fighting
 36045 | Lair:4   | Reached skill level 5 in Dodging
 37475 | D:9      | Noticed a white ugly thing
 37707 | Lair:1   | Reached skill level 12 in Unarmed Combat
 37732 | Lair:2   | Noticed a five-headed hydra
 39057 | D:5      | Killed Crazy Yiuf
 39691 | D:6      | Killed Prince Ribbit
 40468 | D:11     | Found a staircase to the Orcish Mines.
 40628 | D:11     | Reached XP level 12. HP: 94/96 MP: 12/12
 41992 | D:10     | Reached skill level 6 in Dodging
 42199 | Orc:1    | Entered Level 1 of the Orcish Mines
 42562 | D:11     | Reached skill level 10 in Fighting
 43638 | D:12     | HP: 13/97 [orc warrior/scimitar (23)]
 43639 | D:12     | HP: 3/97 [orc warrior/scimitar (11)]
 43801 | D:12     | HP: 19/97 [orc priest/divine providence (15)]
 44274 | D:11     | Noticed a six-headed hydra
 44360 | D:11     | HP: 23/97 [sheep[a cyclops] (9)]
 45805 | Lair:4   | Reached skill level 13 in Unarmed Combat
 47946 | Lair:1   | Reached skill level 7 in Dodging
 48527 | Lair:3   | HP: 22/99 [komodo dragon (23)]
 50461 | Lair:1   | Gained mutation: You are in touch with the powers of death. [Mummy growth]
 50461 | Lair:1   | Gained mutation: You can restore your body by infusing magical energy. [Mummy growth]
 50461 | Lair:1   | Reached XP level 13. HP: 73/105 MP: 13/13
 51209 | Lair:2   | Reached skill level 11 in Fighting
 53314 | Orc:2    | Entered Level 2 of the Orcish Mines
 53456 | Orc:1    | HP: 24/106 [orc warrior/flail (15)]
 53502 | D:11     | HP: 22/106 [orc warrior/flail (15)]
 53554 | D:10     | HP: 23/106 [killer bee (7)]
 53559 | D:9      | HP: 11/106 [killer bee (6)]
 53567 | D:8      | HP: 7/106 [killer bee (2)]
 53572 | D:8      | Slain by a killer bee

Skill      XL: |  1  2  3  4  5  6  7  8  9 10 11 12 13 |
---------------+----------------------------------------+-----
Unarmed Combat | 4 5 6 7 8 10 11 12 13 | 13.7
Stealth        | 2 3 4 6 7 |  7.6
Fighting       | 4 5 7 8 9 10 11 | 11.0
Dodging        | 3 5 7 |  7.4

Action                   |  1- 3 |  4- 6 |  7- 9 | 10-12 | 13-15 || total
-------------------------+-------+-------+-------+-------+-------++-------
Melee: Unarmed           |   202 |   257 |   724 |  1765 |   218 ||  3166
       Punch             |     3 |     7 |    32 |   126 |    17 ||   185
  Use: Scroll            |     5 |     4 |     6 |    19 |     1 ||    35
 Stab: Sleeping          |     4 |     3 |     2 |     8 |     1 ||    18
       Distracted        |     1 |       |     1 |    12 |     3 ||    17
Armor: Skin              |    14 |    18 |    80 |   325 |    48 ||   485
Dodge: Dodged            |   117 |   146 |   377 |  1105 |   192 ||  1937

Vault maps used:
D:1:      dpeg_arrival_round_c, tso_metal_star
D:2:      solitary_fountain
D:3:      nicolae_dithmenos_shadow_blocks, uniq_sigmund
D:4:      bh_chokoban, uniq_robin
D:5:      first_bread, minivault_11, grunt_ashenzari_visionary, uniq_menkaure,
          uniq_crazy_yiuf_cottage
D:6:      minmay_goblin_kobold_castle, serial_shops, nicolae_shop_crystal,
          kennysheep_mini_moat, shop, shop, shop, uniq_prince_ribbit1
D:7:      minmay_temple_entry_statues_pillars, grunt_livestock
D:8:      lemuel_doored_altar, serial_shops, shop
D:9:      grunt_lair_entry_orc_guard_hut, basic_altar, grunt_decor_cap
D:10:     eino_jars, uniq_nergalle
D:11:     orc_0_dummy, lab_entry_generic
Temple:   grunt_circular_temple_18
Lair:1:   minmay_holes, uniq_fannar, uniq_grum
Lair:2:   beast_lair_carwin_8, lemuel_fruit_fields, grunt_megastairs_4
Lair:3:   roderic_batcave
Lair:4:   grunt_megastairs_1
Orc:1:    nicolae_orc_accident_2
Orc:2:    grunt_orc_gardens, grunt_orc_garden, grunt_orc_garden,
          grunt_orc_garden, grunt_orc_garden

Table legend:
 A = Turns spent in this place as a percentage of turns spent in the entire game.
 B = Non-inter-level travel turns spent in this place as a percentage of non-inter-level travel turns spent in the entire game.
 C = Inter-level travel turns spent in this place as a percentage of turns spent in this place.
 D = Turns resting spent in this place as a percentage of non-inter-level travel turns spent in this place.
 E = Turns spent auto-exploring this place as a percentage of non-inter-level travel turns spent in this place.
 F = Non-inter-level travel turns spent in this place divided by the number of levels of this place that you've seen.
                   A       B       C       D       E      F
               +-------+-------+-------+-------+-------+----------------------
         Total | 100.0 | 100.0 |   0.8 |   4.7 |   2.1 | 887.1
       Dungeon |  64.1 |  64.1 |   0.9 |   5.1 |   2.4 | 947.4
        Temple |   0.1 |   0.1 |   4.3 |   9.1 |  86.4 |  22.0
          Lair |  35.0 |  35.0 |   0.7 |   4.0 |   1.0 | 1243.6
  Orcish Mines |   0.8 |   0.7 |   1.5 |   3.0 |   3.0 |  66.5
               +-------+-------+-------+-------+-------+----------------------

Table legend:
 A = Kills in this place as a percentage of kills in entire the game.
 B = Kills by you in this place as a percentage of kills by you in the entire game.
 C = Kills by friends in this place as a percentage of kills by friends in the entire game.
 D = Other kills in this place as a percentage of other kills in the entire game.
 E = Experience gained in this place as a percentage of experience gained in the entire game.
 F = Experience gained in this place divided by the number of levels of this place that you have seen.
                   A       B       C       D       E      F
               +-------+-------+-------+-------+-------+----------------------
         Total | 100.0 | 100.0 |  -nan |  -nan | 100.0 | 2112.9
       Dungeon |  72.3 |  72.3 |  -nan |  -nan |  52.9 | 1862.9
          Lair |  26.6 |  26.6 |  -nan |  -nan |  46.3 | 3914.0
  Orcish Mines |   1.1 |   1.1 |  -nan |  -nan |   0.8 | 166.5
               +-------+-------+-------+-------+-------+----------------------
